 Dungeon Crawl Stone Soup version 0.19.1 (webtiles) character file.

31327 Lochraine the Nimble (level 13, -1/96 HPs)
             Began as a Merfolk Gladiator on Nov 24, 2016.
             Was the Champion of Dithmenos.
             Slain by a five-headed hydra (7 damage)
             ... on level 4 of the Lair of Beasts.
             The game lasted 01:28:02 (17168 turns).

Lochraine the Nimble (Merfolk Gladiator)           Turns: 17168, Time: 01:28:02

Health: -1/96      AC: 11    Str: 15    XL:     13   Next: 57%
Magic:  17/25      EV: 20    Int: 18    God:    Dithmenos [******]
Gold:   992        SH:  0    Dex: 16    Spells: 9 memorised, 5 levels left

rFire  . . .     SeeInvis .     b - +2 dagger (drain)
rCold  + . .     Gourm    .     J - +0 troll leather armour
rNeg   . . .     Faith    +     (no shield)
rPois  +         Spirit   .     E - -1 hat of the Forsaken Wars {Int+4}
rElec  .         Reflect  .     Z - +2 cloak
rCorr  .         Harm     .     h - +2 pair of gloves
MR     +....                    l - +0 pair of boots
Stlth  +++++.....               F - amulet of faith
                                D - ring of wizardry
                                w - ring "Zioll" {rPois rC+ MR+ Int+3}

@: regenerating, wreathed by umbra
A: change form in water, swift swim, stealthy swim
a: Shadow Step, Shadow Form, Renounce Religion


You were on level 4 of the Lair of Beasts.
You worshipped Dithmenos.
Dithmenos was exalted by your worship.
You were not hungry.

You visited 2 branches of the dungeon, and saw 15 of its levels.
You also visited: Sewer, Ossuary and Ice Cave.

You collected 992 gold pieces.

Inventory:

Hand Weapons
 a - the +8 great sword of Anguish {protect, +Blink rPois Str-4 Stlth+}
   (You found it in an ice cave)

   It protects the one who uses it against injury (+AC on strike).
   It affects your strength (-4).
   It protects you from poison.
   It lets you blink.
   It makes you more stealthy.
 b - a +2 dagger of draining (weapon)
Missiles
 d - 3 throwing nets (quivered)
 Y - 182 arrows
Armour
 h - a +2 pair of gloves (worn)
 l - a +0 pair of boots (worn)
 E - the -1 hat of the Forsaken Wars (worn) {Int+4}
   (You found it on level 10 of the Dungeon)

   It affects your intelligence (+4).
 J - a +0 troll leather armour (worn)
 V - a +2 robe of fire resistance
 Z - a +2 cloak (worn)
Jewellery
 s - an uncursed ring of fire
 w - the ring "Zioll" (left hand) {rPois rC+ MR+ Int+3}
   (You found it on level 2 of the Lair of Beasts)

   [ring of poison resistance]

   It affects your intelligence (+3).
   It protects you from cold.
   It protects you from poison.
   It affects your resistance to hostile enchantments.
 D - a ring of wizardry (right hand)
 F - an amulet of faith (around neck)
 R - an uncursed ring of protection from cold
 W - an uncursed ring of resist corrosion
Wands
 q - a wand of heal wounds (5/9)
 G - a wand of teleportation (4/9)
 S - a wand of iceblast (3/15)
Scrolls
 e - 4 scrolls of identify
 g - a scroll of recharging
 k - 9 scrolls of magic mapping
 o - 6 scrolls of blinking
 r - a scroll of summoning
 t - 5 scrolls of teleportation
 u - a scroll of brand weapon
 v - 4 scrolls of remove curse
 y - a scroll of amnesia
 z - a scroll of fear
 B - 2 scrolls of fog
Potions
 j - a potion of ambrosia
 p - 5 potions of curing
 x - 2 potions of cancellation
 A - 3 potions of magic
 C - 3 potions of haste
 H - 2 potions of heal wounds
 L - 2 potions of agility
 M - 4 potions of flight
 N - 2 potions of brilliance
 P - 2 potions of invisibility
 T - 7 potions of lignification
Books
 c - a book of Minor Magic

   Spells                             Type                      Level
   a - Magic Dart                     Conjuration                  1
   b - Blink                          Translocation                2
   c - Call Imp                       Summoning                    2
   d - Repel Missiles                 Charms/Air                   2
   e - Slow                           Hexes                        2
   f - Conjure Flame                  Conjuration/Fire             3
   g - Mephitic Cloud                 Conjuration/Poison/Air       3
 I - a book of the Sky

   Spells                             Type                      Level
   a - Summon Lightning Spire         Summoning/Air                4
   b - Airstrike                      Air                          4
   c - Silence                        Hexes/Air                    5
   d - Deflect Missiles               Charms/Air                   6
   e - Conjure Ball Lightning         Conjuration/Air              6
   f - Tornado                        Air                          9
 O - a Young Poisoner's Handbook

   Spells                             Type                      Level
   a - Sting                          Conjuration/Poison           1
   b - Mephitic Cloud                 Conjuration/Poison/Air       3
   c - Olgreb's Toxic Radiance        Poison                       4
   d - Alistair's Intoxication        Transmutation/Poison         5
   e - Venom Bolt                     Conjuration/Poison           5
 Q - a book of Geomancy

   Spells                             Type                      Level
   a - Sandblast                      Earth                        1
   b - Passwall                       Transmutation/Earth          2
   c - Stone Arrow                    Conjuration/Earth            3
   d - Petrify                        Transmutation/Earth          4
   e - Lee's Rapid Deconstruction     Earth                        5
 U - a book of Changes

   Spells                             Type                      Level
   a - Beastly Appendage              Transmutation                1
   b - Sticks to Snakes               Transmutation                2
   c - Spider Form                    Transmutation/Poison         3
   d - Ice Form                       Ice/Transmutation            4
   e - Blade Hands                    Transmutation                5
 X - a book of Necromancy

   Spells                             Type                      Level
   a - Pain                           Necromancy                   1
   b - Animate Skeleton               Necromancy                   1
   c - Vampiric Draining              Necromancy                   3
   d - Regeneration                   Charms/Necromancy            3
   e - Animate Dead                   Necromancy                   4
   f - Control Undead                 Necromancy                   4
Comestibles
 f - 10 bread rations
 i - 8 meat rations
 m - 15 royal jellies
 n - 32 fruits


   Skills:
 - Level 7.3 Fighting
 + Level 5.5 Long Blades
   Level 9.4(9.9) Polearms
   Level 2.4(4.3) Staves
 - Level 2.0 Throwing
 - Level 3.3 Armour
 - Level 11.1 Dodging
 - Level 5.0 Stealth
   Level 4.6 Shields
 - Level 8.4 Spellcasting
 - Level 4.5 Conjurations
 - Level 6.1 Hexes
 - Level 7.5 Charms
 - Level 3.5 Necromancy
 - Level 2.3 Translocations
 - Level 4.2 Transmutations
 - Level 4.2 Ice Magic
 + Level 5.3 Invocations


You had 5 spell levels left.
You knew the following spells:

 Your Spells              Type           Power        Failure   Level  Hunger
a - Ensorcelled Hibernat  Hex/Ice        ####..       1%          2    None
b - Confuse               Hex            ####....     1%          3    None
c - Sticks to Snakes      Tmut           ###.....     1%          2    None
d - Regeneration          Chrm/Necr      ####......   1%          3    None
e - Tukima's Dance        Hex            ####....     1%          3    None
f - Vampiric Draining     Necr           ###.......   4%          3    None
g - Blink                 Tloc           N/A          4%          2    None
h - Repel Missiles        Chrm/Air       ###...       1%          2    None
i - Dazzling Spray        Conj/Hex       ####..       1%          3    None


Dungeon Overview and Level Annotations

Branches:
Dungeon (11/15)            Temple (0/1) D:7            Lair (4/6) D:11
  Swamp (0/4) Lair:3          Orc (0/2) D:9
  Snake: Lair:2-4    Spider: Lair:2-4

Altars:
Dithmenos
Fedhas
Nemelex Xobeh
Ru
Yredelemnul

Shops:
D:9 :

Annotations:
D:2 1 runed door
D:4 Grinder
D:7 exclusion: oklob plant
Lair:1 exclusion: death yak


Message History

The five-headed hydra barely misses you.
The five-headed hydra closely misses you.
The five-headed hydra bites you.
The five-headed hydra closely misses you.
Casting: Regeneration
Confirm with . or Enter, or press ? or * to list all spells.
Aiming: Dazzling Spray
Press: ? - help, Shift-Dir - straight line, f/p - five-headed hydra
Aim: a five-headed hydra (severely wounded, lightly drained, umbra)
The spray of energy hits the five-headed hydra.
The five-headed hydra is almost dead.
The five-headed hydra bites you!
* * * LOW HITPOINT WARNING * * *
The five-headed hydra bites you!
* * * LOW HITPOINT WARNING * * *
The five-headed hydra bites you!
* * * LOW HITPOINT WARNING * * *
The five-headed hydra closely misses you.
The five-headed hydra bites you!
You die...

### ## ##
.########.##P###.#.
...................
...#...###........
#..##.#.......#.
#.....#......P#
##D....##.....####
#.@.....#......#..
......#.....P#.....#.P.
..... #.....##.........
.... .#.####..^...##.
... ####..P........###
.. ............##.## .
.................
.................
.................


You could see a five-headed hydra.

Vanquished Creatures
  3 death yaks (Lair:1)
  An unseen horror (D:11)
  2 deep elf magi (D:10)
  A necromancer (IceCv)
  A hill giant (D:10)
  A manticore (D:11)
  5 elephants (Lair:1)
  A cyclops (D:11)
  4 ice statues (IceCv)
  The ghost of kraktruk the Ruffian, a novice DrAE (Sewer)
  7 spiny frogs
  A gargoyle (D:11)
  2 rime drakes (Lair:2)
  A kobold demonologist (D:11)
  8 ice devils (IceCv)
  3 komodo dragons
  Prince Ribbit (D:7)
  2 trolls
  A queen bee (Lair:2)
  A two-headed ogre (D:11)
  7 hippogriffs
  3 wyverns
  26 yaks
  2 wargs (D:9)
  4 swamp worms (Lair:3)
  7 water moccasins
  3 ice beasts
  3 orc warriors
  10 porcupines
  A necrophage (D:9)
  2 sky beasts
  A swamp drake (D:10)
  2 phantoms
  6 centaurs
  16 wolves
  7 ogres
  10 crocodiles
  2 big kobolds
  9 bullfrogs
  4 scorpions
  42 killer bees
  2 electric eels (Lair:3)
  5 howler monkeys
  11 crimson imps
  2 quasits
  2 bullfrog zombies
  A centaur zombie (D:11)
  3 jellies
  A draconian simulacrum (IceCv)
  2 gnoll shamans
  7 orc priests
  A bullfrog skeleton (D:11)
  3 centaur skeletons
  2 hounds
  An iron imp (D:10)
  12 orc wizards
  4 iguanas
  Natasha (D:2)
  3 worker ants
  3 spriggan simulacra (IceCv)
  A troll simulacrum (IceCv)
  A hound skeleton (D:4)
  3 mummies
  A howler monkey skeleton (D:11)
  A worker ant zombie (D:11)
  12 gnolls
  4 naga simulacra (IceCv)
  5 river rats (Sewer)
  15 adders
  An ogre simulacrum (IceCv)
  4 shadow imps
  A white imp (D:10)
  3 oozes
  7 adder zombies (Ossuary)
  6 worms
  11 dart slugs
  3 leopard geckos
  54 orcs
  11 ball pythons
  7 giant cockroaches
  3 gnoll zombies (Ossuary)
  7 hobgoblins
  14 jackals
  17 kobolds
  2 quokkas
  7 bats
  8 frilled lizards
  8 goblins
  A goblin zombie (D:6)
  4 hobgoblin zombies
  A jackal skeleton (D:8)
  5 kobold zombies (Ossuary)
  A leopard gecko skeleton (D:8)
  7 orc zombies (Ossuary)
  30 rats
546 creatures vanquished.

Vanquished Creatures (collateral kills)
  A hydra (Lair:2)
  A crocodile (Lair:2)
2 creatures vanquished.

Vanquished Creatures (others)
  8 fungi
  3 plants
11 creatures vanquished.

Grand Total: 559 creatures vanquished

Notes
Turn   | Place    | Note
-------+----------+-------------------------------------------
     0 | D:1      | Lochraine the Merfolk Gladiator began the quest for the Orb.
     0 | D:1      | Reached XP level 1. HP: 16/16 MP: 1/1
   172 | D:1      | Reached XP level 2. HP: 23/23 MP: 2/2
   177 | D:1      | Reached skill level 5 in Polearms
   607 | D:2      | Reached XP level 3. HP: 18/28 MP: 3/3
   810 | D:2      | Found a shadowy altar of Dithmenos.
   820 | D:2      | Became a worshipper of Dithmenos the Shadowed
   971 | D:2      | Reached skill level 1 in Stealth
  1082 | D:2      | Found a runed door.
  1171 | D:2      | Reached XP level 4. HP: 31/34 MP: 4/4
  1710 | D:3      | Noticed Natasha
  1978 | D:2      | Killed Natasha
  2135 | D:2      | Reached * piety under Dithmenos
  2278 | D:3      | Reached XP level 5. HP: 41/41 MP: 5/5
  2286 | D:3      | Reached skill level 5 in Dodging
  2448 | D:3      | Reached XP level 6. HP: 26/47 MP: 6/6
  2452 | D:3      | Reached ** piety under Dithmenos
  3110 | D:4      | Found a basalt altar of Yredelemnul.
  3195 | D:4      | Learned a level 2 spell: Ensorcelled Hibernation
  3305 | D:4      | Reached skill level 1 in Hexes
  3464 | D:4      | Reached skill level 1 in Ice Magic
  3464 | D:4      | Reached XP level 7. HP: 38/52 MP: 6/8
  3494 | D:4      | Noticed Grinder
  3617 | D:5      | Entered Level 5 of the Dungeon
  3833 | D:5      | Reached skill level 1 in Spellcasting
  3883 | D:5      | Found a glowing drain.
  3887 | Sewer    | Entered a sewer
  3992 | Sewer    | Noticed kraktruk's ghost (novice DrAE)
  4042 | Sewer    | Reached *** piety under Dithmenos
  4065 | Sewer    | HP: 2/52 [kraktruk's ghost/bolt of negative energy (29)]
  4091 | Sewer    | Killed kraktruk's ghost
  4091 | Sewer    | Reached XP level 8. HP: 39/58 MP: 8/11
  4551 | D:5      | Learned a level 3 spell: Confuse
  4622 | D:5      | Found a sacrificial altar of Ru.
  4697 | D:5      | Reached skill level 5 in Stealth
  5200 | D:6      | Found a sand-covered staircase.
  5208 | Ossuary  | Entered an ossuary
  5247 | Ossuary  | Reached **** piety under Dithmenos
  5564 | D:6      | Reached skill level 1 in Shields
  5842 | D:6      | Reached XP level 9. HP: 21/66 MP: 1/12
  6057 | D:6      | Found a basalt altar of Yredelemnul.
  6485 | D:7      | Learned a level 2 spell: Sticks to Snakes
  6506 | D:7      | Reached skill level 1 in Transmutations
  6773 | D:7      | Noticed Prince Ribbit
  6825 | D:7      | Killed Prince Ribbit
  6999 | D:7      | Found a staircase to the Ecumenical Temple.
  7395 | D:7      | Found a blossoming altar of Fedhas.
  7410 | D:7      | Reached ***** piety under Dithmenos
  7423 | D:7      | Noticed an oklob plant
  7687 | D:8      | Reached skill level 5 in Hexes
  8119 | D:8      | Found a sparkling altar of Nemelex Xobeh.
  8412 | D:8      | Reached XP level 10. HP: 73/73 MP: 10/16
  8782 | D:9      | Learned a level 3 spell: Regeneration
  8872 | D:9      | Found Waeruni's Book Shoppe.
  8889 | D:9      | Reached skill level 1 in Charms
  9001 | D:9      | Reached skill level 1 in Staves
  9072 | D:9      | Reached skill level 1 in Necromancy
  9083 | D:9      | Found a staircase to the Orcish Mines.
  9685 | D:9      | Got a tattered robe
  9696 | D:9      | Identified the +0 robe of Irocudd {Int+3} (You found it on level 9 of the Dungeon)
  9700 | D:9      | Learned a level 3 spell: Tukima's Dance
  9836 | D:10     | Entered Level 10 of the Dungeon
 10047 | D:10     | Reached skill level 6 in Dodging
 10161 | D:10     | Noticed a hill giant
 10239 | D:10     | Killed a hill giant
 10577 | D:10     | Reached skill level 7 in Dodging
 10722 | D:10     | Learned a level 3 spell: Vampiric Draining
 10772 | D:10     | Reached skill level 5 in Fighting
 10928 | D:10     | Noticed a deep elf mage
 10943 | D:10     | Killed a deep elf mage
 10943 | D:10     | Reached XP level 11. HP: 29/83 MP: 15/17
 10956 | D:10     | Got a faintly humming hat
 10967 | D:10     | Identified the -1 hat of the Forsaken Wars {Int+4} (You found it on level 10 of the Dungeon)
 11011 | D:10     | Noticed a deep elf mage
 11022 | D:10     | Killed a deep elf mage
 11063 | D:10     | Learned a level 2 spell: Blink
 11209 | D:10     | Reached skill level 1 in Translocations
 11655 | D:11     | Noticed a cyclops
 11886 | D:11     | Reached skill level 8 in Dodging
 12005 | D:11     | Found a staircase to the Lair.
 12074 | D:11     | Reached skill level 9 in Dodging
 12080 | D:11     | Killed a cyclops
 12094 | D:11     | Reached skill level 10 in Dodging
 12153 | D:11     | Killed an unseen horror
 12153 | D:11     | Reached skill level 11 in Dodging
 12383 | D:11     | Reached ****** piety under Dithmenos
 12489 | D:11     | Noticed a manticore
 12499 | D:11     | Killed a manticore
 12555 | Lair:1   | Entered Level 1 of the Lair of Beasts
 12567 | Lair:1   | Reached skill level 1 in Armour
 12687 | Lair:1   | Reached skill level 5 in Spellcasting
 12772 | Lair:1   | Noticed a death yak
 12796 | Lair:1   | Learned a level 2 spell: Repel Missiles
 12816 | Lair:1   | Reached XP level 12. HP: 91/91 MP: 18/20
 13407 | Lair:1   | Learned a level 3 spell: Dazzling Spray
 13449 | Lair:1   | Reached skill level 5 in Charms
 13463 | Lair:1   | Reached skill level 1 in Conjurations
 13912 | Lair:1   | Noticed a death yak
 13916 | Lair:1   | Noticed a death yak
 14093 | Lair:1   | Killed a death yak
 14104 | Lair:1   | Killed a death yak
 14110 | Lair:1   | Killed a death yak
 14550 | Lair:2   | Found a frozen archway.
 14567 | IceCv    | Entered an ice cave
 15027 | IceCv    | Reached XP level 13. HP: 96/96 MP: 24/24
 15257 | IceCv    | Got an iridescent great sword
 15258 | IceCv    | Identified the +8 great sword of Anguish {protect, +Blink rPois Str-4 Stlth+} (You found it in an ice cave)
 15368 | Lair:2   | Got a bound platinum ring
 15370 | Lair:2   | Identified the ring "Zioll" {rPois rC+ MR+ Int+3} (You found it on level 2 of the Lair of Beasts)
 15398 | Lair:2   | Reached skill level 1 in Invocations
 15399 | Lair:2   | Reached skill level 1 in Long Blades
 16522 | Lair:3   | Reached skill level 5 in Long Blades
 16588 | Lair:3   | Reached skill level 5 in Invocations
 16960 | Lair:3   | Found a staircase to the Swamp.
 17168 | Lair:4   | Slain by a five-headed hydra

Skill      XL: |  1  2  3  4  5  6  7  8  9 10 11 12 13 |
---------------+----------------------------------------+-----
Polearms       | 5 6 7 9 |  9.4
Stealth        | 1 2 3 4 5 |  5.0
Fighting       | 3 4 6 7 |  7.3
Dodging        | 5 7 11 | 11.1
Hexes          | 1 3 4 5 6 |  6.1
Ice Magic      | 1 2 3 4 |  4.2
Spellcasting   | 2 4 5 7 8 |  8.4
Shields        | 2 4 |  4.6
Transmutations | 4 |  4.2
Charms         | 4 7 |  7.5
Staves         | 2 |  2.4
Necromancy     | 3 |  3.5
Translocations | 2 |  2.3
Armour         | 2 3 |  3.3
Conjurations   | 3 4 |  4.5
Invocations    | 5 |  5.3
Long Blades    | 5 |  5.5
Throwing       | |  2.0

Action                   |  1- 3 |  4- 6 |  7- 9 | 10-12 | 13-15 || total
-------------------------+-------+-------+-------+-------+-------++-------
Melee: Trident           |   150 |   257 |   712 |    18 |       ||  1137
       Tailslap          |       |     5 |    28 |       |     3 ||    36
       Dagger            |       |       |     3 |     6 |    14 ||    23
       Lajatang          |       |       |       |   804 |    71 ||   875
       Great sword       |       |       |       |       |   180 ||   180
 Cast: Ensorcelled Hiber |       |       |    10 |    27 |     1 ||    38
       Confuse           |       |       |     6 |    11 |       ||    17
       Sticks to Snakes  |       |       |       |    22 |     4 ||    26
       Tukima's Dance    |       |       |       |     3 |       ||     3
       Regeneration      |       |       |       |     9 |     2 ||    11
       Vampiric Draining |       |       |       |     6 |       ||     6
       Blink             |       |       |       |     1 |       ||     1
       Dazzling Spray    |       |       |       |    23 |     5 ||    28
Invok: Shadow Step       |       |       |     3 |     7 |     1 ||    11
Evoke: Wand              |       |     2 |    15 |     6 |     2 ||    25
  Use: Scroll            |     1 |     4 |     7 |    27 |     6 ||    45
       Potion            |       |       |     9 |     5 |       ||    14
 Stab: Sleeping          |       |     7 |    35 |    29 |    20 ||    91
       Distracted        |       |       |     3 |     1 |     1 ||     5
       Confused          |       |       |     2 |     5 |       ||     7
       Invisible         |       |       |       |     4 |       ||     4
  Eat: Chunk             |     1 |     8 |     7 |    21 |     4 ||    41
       Meat ration       |       |       |     1 |       |       ||     1
       Pizza             |       |       |     1 |     1 |       ||     2
       Bread ration      |       |       |     1 |     1 |     1 ||     3
Armor: Leather armour    |    28 |    32 |    99 |       |       ||   159
       Robe              |       |       |    23 |    38 |       ||    61
       Troll leather arm |       |       |       |   107 |   105 ||   212
Dodge: Dodged            |    86 |   138 |   496 |   796 |   539 ||  2055
Block: Buckler           |       |       |    51 |     3 |       ||    54
       Rpst.: Great sword |       |       |       |       |   147 ||   147
